 Dungeon Crawl Stone Soup version 0.31-a0-152-g6aa68a64a1 (webtiles) character file.

Game seed: 10229300281800237846

80 qw the Shooter (level 4, -2/39 HPs)
             Began as a Naga Hunter on June 10, 2023.
             Succumbed to a gnoll's poison
             ... on level 2 of the Dungeon.
             The game lasted 00:00:22 (1125 turns).

qw the Shooter (Naga Hunter)                        Turns: 1125, Time: 00:00:22

Health: -2/39      AC:  2    Str: 13    XL:     4   Next: 39%
Magic:  4/4        EV:  9    Int: 10    God:
Gold:   61         SH:  0    Dex: 16    Spells: 3/3 levels left

rFire   . . .        Y - +0 shortbow
rCold   . . .        (shield currently unavailable)
rNeg    . . .        c - +0 leather armour
rPois   +            (no helmet)
rElec   .            (no cloak)
rCorr   .            (no gloves)
SInv    +            (no barding)
Will    .....        f - amulet of the acrobat
Stlth   ++           (no ring)
HPRegen 0.26/turn    (no ring)
MPRegen 0.09/turn

%: acrobat
@: lethally poisoned (-2 -> -26), about to teleport, very slow
A: AC +1, large, see invisible, deformed body, poison resistance, slowness 2,
spit poison 1, naga tail 1
a: Spit Poison


You were on level 2 of the Dungeon.
You visited 1 branch of the dungeon, and saw 2 of its levels.

You collected 61 gold pieces.


Innate Abilities, Weirdness & Mutations

Your serpentine skin is tough. (AC +1)
You have supernaturally acute eyesight. (SInv)
Armour fits poorly on your strangely shaped body.
Your system is resistant to poisons. (rPois)
You cover ground very slowly.
You can spit poison.
You have a snake-like lower body.


   Skills:
 + Level 2.2 Fighting
 - Level 5.1 Ranged Weapons
 - Level 1.5 Dodging
 - Level 1.5 Stealth


You had 3 spell levels left.
You didn't know any spells.
Your spell library was empty.

Inventory:

Hand Weapons
 Y - a +0 shortbow (weapon)
Armour
 c - a +0 leather armour (worn)
Jewellery
 f - an amulet of the acrobat (around neck)
Scrolls
 a - a scroll of identify
 b - a scroll of teleportation
Potions
 e - a potion of cancellation
 j - a potion of curing

Dungeon Overview and Level Annotations

Branches:
Dungeon (2/15)

Altars:


Message History

You shoot an arrow. The arrow hits the gnoll.
You kill the gnoll!
You shoot an arrow. The arrow hits the giant cockroach.
The giant cockroach is almost dead.
The giant cockroach closely misses you. The giant cockroach bites you.
You shoot an arrow. The arrow hits the giant cockroach!
You kill the giant cockroach!
You have got your breath back.
The gnoll hits you with a +0 whip of venom!
1121 ||| INVOKING Spit Poison.
Aiming: Spit Poison (1% risk of failure)
Press: ? - help, Shift-Dir - straight line, f - gnoll You fail to use your ability.
The gnoll closely misses you.
1122 ||| INVOKING Spit Poison.
Aiming: Spit Poison (1% risk of failure)
Press: ? - help, Shift-Dir - straight line, f/p - gnoll The splash of poison hits the gnoll.
The gnoll is lightly wounded.
The gnoll hits you with a +0 whip of venom.
You are poisoned.
The hobgoblin barely misses you.
You shoot an arrow.
The arrow hits the gnoll but does no damage.
You feel very sick.
The gnoll hits you with a +0 whip of venom.
You are more poisoned.
The hobgoblin hits you.
The gnoll hits you with a +0 whip of venom.
The hobgoblin misses you.
You shoot an arrow. The arrow closely misses the gnoll.
You feel very sick.
The gnoll hits you with a +0 whip of venom.
You are more poisoned.
The hobgoblin barely misses you.
1125 ||| READING 2 scrolls of teleportation.
As you read the scroll of teleportation, it crumbles to dust.
You feel strangely unstable.
You have got your breath back.
You die...

#.# #.# #.# ############
#.# #..........#
#####.#######..........#
.........>......[.......
............#.........[#
............#..........#
............#...@g.....#
................%g.....#
..................)....#
..........#####.....####
........... ##....).
....)......# #.......
#........ #........


You could see a gnoll and a hobgoblin.

Vanquished Creatures
  Natasha (D:2)
  2 gnolls (D:2)
  A dart slug (D:1)
  2 ball pythons (D:1)
  2 endoplasms
  2 giant cockroaches
  2 goblins
  A hobgoblin (D:1)
  8 jackals (D:1)
  2 kobolds (D:1)
  3 quokkas (D:1)
  2 bats (D:1)
  3 frilled lizards (D:1)
  3 rats (D:1)
34 creatures vanquished.

Notes
Turn   | Place    | Note
-------+----------+-------------------------------------------
     0 | D:1      | qw the Naga Hunter began the quest for the Orb.
     0 | D:1      | Reached XP level 1. HP: 19/19 MP: 1/1
     0 | D:1      | 0 ||| qw: Version: 0.2-a-122-gbc61b45
     0 | D:1      | 0 ||| qw: Game counter: 3674
     0 | D:1      | 0 ||| qw: Always use a shield: true
     0 | D:1      | 0 ||| qw: God list: Okawaru
     0 | D:1      | 0 ||| qw: Allow faded altars: false
     0 | D:1      | 0 ||| qw: Do Orc after D:15 true
     0 | D:1      | 0 ||| qw: Do second Lair branch before Depths: true
     0 | D:1      | 0 ||| qw: Lair rune preference: random
     0 | D:1      | 0 ||| qw: Plans: Normal
     0 | D:1      | 0 ||| PLANNING D:1-11
    90 | D:1      | 90 ||| INVOKING Spit Poison.
   110 | D:1      | 110 ||| INVOKING Spit Poison.
   120 | D:1      | 120 ||| INVOKING Spit Poison.
   139 | D:1      | 139 ||| INVOKING Spit Poison.
   199 | D:1      | 199 ||| INVOKING Spit Poison.
   200 | D:1      | 200 ||| INVOKING Spit Poison.
   205 | D:1      | 205 ||| INVOKING Spit Poison.
   207 | D:1      | HP: 4/19 [jackal (2)]
   208 | D:1      | Reached skill level 4 in Ranged Weapons
   208 | D:1      | Reached XP level 2. HP: 5/26 MP: 2/2
   210 | D:1      | 210 ||| INVOKING Spit Poison.
   213 | D:1      | 213 ||| INVOKING Spit Poison.
   383 | D:1      | 383 ||| INVOKING Spit Poison.
   445 | D:1      | 445 ||| INVOKING Spit Poison.
   451 | D:1      | 451 ||| INVOKING Spit Poison.
   484 | D:1      | 484 ||| INVOKING Spit Poison.
   485 | D:1      | 485 ||| INVOKING Spit Poison.
   489 | D:1      | 489 ||| INVOKING Spit Poison.
   533 | D:1      | 533 ||| INVOKING Spit Poison.
   565 | D:1      | Reached XP level 3. HP: 32/32 MP: 3/3
   578 | D:1      | 578 ||| INVOKING Spit Poison.
   717 | D:1      | 717 ||| INVOKING Spit Poison.
   718 | D:1      | 718 ||| INVOKING Spit Poison.
   724 | D:1      | 724 ||| INVOKING Spit Poison.
   750 | D:1      | 750 ||| INVOKING Spit Poison.
   764 | D:1      | 764 ||| INVOKING Spit Poison.
  1015 | D:1      | 1015 ||| UPGRADING to amulet of the acrobat.
  1020 | D:1      | 1020 ||| DROPPING ring of magical power.
  1021 | D:1      | 1021 ||| READING 3 scrolls labelled BUEPNE KOZIOKK.
  1022 | D:1      | 1022 ||| READING scroll labelled HEOHASCHOY QAGG.
  1026 | D:1      | 1026 ||| READING scroll labelled RUAKKEYRCHO.
  1027 | D:1      | 1027 ||| DRINKING 2 pink potions.
  1028 | D:1      | 1028 ||| READING 2 scrolls of identify.
  1028 | D:1      | 1028 ||| IDENTIFYING smoky silvery potion
  1029 | D:1      | 1029 ||| DROPPING scroll of butterflies.
  1110 | D:2      | Noticed Natasha
  1112 | D:2      | 1112 ||| INVOKING Spit Poison.
  1115 | D:2      | 1115 ||| INVOKING Spit Poison.
  1115 | D:2      | Killed Natasha
  1116 | D:2      | Reached skill level 5 in Ranged Weapons
  1116 | D:2      | Reached XP level 4. HP: 39/39 MP: 4/4
  1121 | D:2      | 1121 ||| INVOKING Spit Poison.
  1122 | D:2      | 1122 ||| INVOKING Spit Poison.
  1124 | D:2      | HP: 6/39 [poisoned by a gnoll]
  1124 | D:2      | HP: 2/39 [gnoll/+0 whip of venom (4)]
  1125 | D:2      | 1125 ||| READING 2 scrolls of teleportation.
  1125 | D:2      | Succumbed to a gnoll's poison

Levels and vault maps discovered:
D:1:      dpeg_arrival_snail, layout_loops_corners
D:2:      layout_basic, uniq_natasha, uniq_jessica

Skill      XL: |  1  2  3 |
---------------+----------+-----
Ranged Weapons | 4 5 |  5.1
Fighting       | |  2.2
Dodging        | |  1.5
Stealth        | |  1.5

Action                     |  1- 3 |  4- 6 || total
---------------------------+-------+-------++-------
   Fire: Shortbow          |    52 |     7 ||    59
Ability: Spit Poison       |    21 |     1 ||    22
    Use: Scroll            |     4 |     1 ||     5
         Potion            |     1 |       ||     1
 Armour: Leather armour    |    10 |       ||    10
  Dodge: Dodged            |    11 |     6 ||    17

Table legend:
 A = Non-vault XP
 B = Vault XP
 C = Vault XP percentage of total XP
 D = Non-vault monster count
 E = Vault monster count
 F = Vault count percentage of total count
                 A         B        C        D         E       F
            +---------+---------+-------+---------+---------+-------
      Total |      82 |      33 |  28.7 |      33 |       1 |   2.9
            +---------+---------+-------+---------+---------+-------
        D:1 |      48 |       0 |   0.0 |      28 |       0 |   0.0
        D:2 |      34 |      33 |  49.3 |       5 |       1 |  16.7
            +---------+---------+-------+---------+---------+-------
